 Dungeon Crawl Stone Soup version 0.24.0-41-g2ae2f7f1be (webtiles) character file.

Game seed: 2074076126480335936, levelgen mode: deterministic

37 Hasart the Ducker (level 3, -6/27 HPs)
             Began as a Vampire Gladiator on Nov 23, 2019.
             Mangled by a worm (10 damage)
             ... on level 2 of the Dungeon on Dec 11, 2019.
             The game lasted 00:04:06 (1104 turns).

Hasart the Ducker (Vampire Gladiator)               Turns: 1104, Time: 00:04:06

Health: -6/27      AC:  5    Str: 13    XL:     3   Next: 23%
Magic:  3/3        EV: 13    Int: 11    God:
Gold:   54         SH:  0    Dex: 15    Spells: 2/2 levels left

rFire    + . .     SeeInvis +   a - +0 long sword
rCold    . . .     Gourm    .   (no shield)
rNeg     . . .     Faith    .   k - +1 leather armour {rF+}
rPois    .         Spirit   .   c - +0 helmet
rElec    .         Reflect  .   (no cloak)
rCorr    .         Harm     .   (no gloves)
MR       .....                  (no boots)
Stlth    +.........             (no amulet)
HPRegen  0.29/turn              (no ring)
MPRegen  0.08/turn              (no ring)

@: regenerating quickly
A: no food, fangs 3, see invisible, unbreathing
a: Exsanguinate


You were on level 2 of the Dungeon.
You were alive.

You visited 1 branch of the dungeon, and saw 2 of its levels.

You collected 54 gold pieces.

Inventory:

Hand Weapons
 a - a +0 long sword (weapon)
Missiles
 d - 3 throwing nets (quivered)
Armour
 b - a +0 leather armour
 c - a +0 helmet (worn)
 k - a +1 leather armour of fire resistance (worn)
Scrolls
 e - 2 scrolls of identify {unknown}
 f - a scroll of amnesia {unknown}
 g - a scroll of blinking {unknown}
 i - 2 scrolls of immolation {unknown}
 l - a scroll of teleportation {unknown}
Potions
 h - a potion of magic {unknown}
 j - a potion of might {unknown}


   Skills:
 + Level 2.1 Fighting
 * Level 3.6 Long Blades
 + Level 1.9 Throwing
 + Level 3.7 Dodging


You had 2 spell levels left.
You didn't know any spells.
Your spell library was empty.

Dungeon Overview and Level Annotations

Branches:
Dungeon (2/15)

Altars:


Innate Abilities, Weirdness & Mutations

You do not eat.
Your natural rate of healing is unusually fast.
You have razor-sharp teeth.
You have supernaturally acute eyesight. (SInv)
You can survive without breathing.


Message History

The hobgoblin hits you but does no damage.
The worm bites you.
* * * LOW HITPOINT WARNING * * *
The giant cockroach bites you but does no damage.
The goblin hits you but does no damage. The hobgoblin closely misses you.
You riposte.
You hit the hobgoblin.
The hobgoblin is heavily wounded.
The giant cockroach misses you. The goblin hits you but does no damage.
The worm barely misses you.
You riposte.
You hit the worm. You bite the worm.
The worm is heavily wounded.
The hobgoblin barely misses you. The giant cockroach misses you.
You riposte.
You hit the giant cockroach.
The giant cockroach is heavily wounded.
The goblin hits you with a +0 club.
* * * LOW HITPOINT WARNING * * *
The giant cockroach bites you but does no damage.
The hobgoblin closely misses you.
You riposte.
You closely miss the hobgoblin.
The hobgoblin is heavily wounded.
The worm bites you!
You die...

#+++###
..#####gw.#.#####
....(.s@g........
..#######.#.#.##
#....# #.####
##'#### #.....#
########....(#
.............#
#############†#.####


You could see a worm, a giant cockroach, a hobgoblin and a goblin.

Vanquished Creatures
  An adder (D:2)
  A dart slug (D:1)
  A leopard gecko (D:1)
  3 giant cockroaches (D:1)
  5 goblins (D:1)
  5 hobgoblins
  3 bats (D:1)
  2 kobolds (D:1)
  A rat (D:1)
22 creatures vanquished.

Notes
Turn   | Place    | Note
-------+----------+-------------------------------------------
     0 | D:1      | Hasart the Vampire Gladiator began the quest for the Orb.
     0 | D:1      | Reached XP level 1. HP: 16/16 MP: 1/1
   271 | D:1      | Reached XP level 2. HP: 20/22 MP: 2/2
   274 | D:1      | Upgraded the game from 0.24.0-37-gcf1ca852f1 to
                  | 0.24.0-41-g2ae2f7f1be
  1069 | D:2      | Reached XP level 3. HP: 27/27 MP: 3/3
  1104 | D:2      | Mangled by a worm

Levels and vault maps discovered:
D:1:      matt_arrival_grand_opening, layout_loops_corners
D:2:      layout_basic, nemelex_altar_shiori

Skill      XL: |  1  2 |
---------------+-------+-----
Fighting       | 2 |  2.1
Long Blades    | |  3.6
Throwing       | |  1.9
Dodging        | |  3.7

Action                   || total
-------------------------++-------
Melee: Long sword        ||    34
       Bite              ||     8
 Stab: Sleeping          ||     2
Armor: Leather armour    ||    33
Dodge: Dodged            ||    93
       Rpst.: Long sword ||    28
